 Dungeon Crawl Stone Soup version 0.22.1 (webtiles) character file.

49 MalarOregon the Firebug (level 3, -3/28 HPs)
             Began as a Hill Orc Fire Elementalist on Sept 18, 2018.
             Slain by Terence
             ... wielding a +2 hand axe of freezing
              (5 damage)
             ... on level 2 of the Dungeon.
             The game lasted 00:06:26 (2265 turns).

MalarOregon the Firebug (HOFE)                      Turns: 2265, Time: 00:06:27

Health: -3/28      AC:  2    Str: 10    XL:     3   Next: 77%
Magic:  1/5        EV: 12    Int: 16    God:
Gold:   106        SH:  0    Dex: 11    Spells: 3/5 levels left

rFire    . . .     SeeInvis .   (no weapon)
rCold    . . .     Gourm    .   (no shield)
rNeg     . . .     Faith    .   a - +0 robe
rPois    .         Spirit   .   (no helmet)
rElec    .         Reflect  .   (no cloak)
rCorr    .         Harm     .   (no gloves)
MR       .....                  (no boots)
Stlth    ++........             (no amulet)
HPRegen  0.09/turn              (no ring)
MPRegen  0.09/turn              (no ring)

@: no status effects
A: no striking features
a: no special abilities


You were on level 2 of the Dungeon.
You were not hungry.

You visited 1 branch of the dungeon, and saw 2 of its levels.

You collected 106 gold pieces.

Inventory:

Armour
 a - a +0 robe (worn)
Jewellery
 b - an uncursed ring of wizardry {unknown}
   (You found it on level 2 of the Dungeon)
 c - an uncursed ring of poison resistance {unknown}
   (You found it on level 2 of the Dungeon)
Wands
 u - a wand of paralysis (4)
   (You found it on level 2 of the Dungeon)
Scrolls
 f - a scroll of blinking {unknown}
 g - a scroll of amnesia
 h - 2 scrolls of identify {unknown}
 i - a scroll of remove curse {@r2}
 j - a scroll of noise {unknown}
 l - a scroll of enchant armour {unknown}
Comestibles
 e - 2 rations {!d}


   Skills:
 + Level 1.3 Fighting
 + Level 2.0 Dodging
 - Level 2.0 Stealth
 + Level 1.9 Spellcasting
 + Level 1.5 Conjurations
 + Level 3.6 Fire Magic


You had 3 spell levels left.
You knew the following spells:

 Your Spells              Type           Power        Failure   Level  Hunger
a - Throw Flame           Conj/Fire      #.....       11%         2    ###....

Your spell library contained the following spells:

 Spells                   Type           Power        Failure   Level  Hunger
 Flame Tongue             Conj/Fire      #....        7%          1    #......
 Conjure Flame            Conj/Fire      #.......     22%         3    ###....
 Inner Flame              Hex/Fire       #.......     30%         3    ###....
 Sticky Flame             Conj/Fire      #.......     56%         4    #####..
 Fireball                 Conj/Fire      #.........   89%         5    ######.


Dungeon Overview and Level Annotations

Branches:
Dungeon (2/15)

Altars:

Annotations:
D:2 1 runed door, Terence


Message History

You hit Terence but do no damage.
The helpless Terence fails to defend himself.
You hit Terence but do no damage.
The helpless Terence fails to defend himself.
You hit Terence but do no damage.
The helpless Terence fails to defend himself.
You hit Terence but do no damage.
The helpless Terence fails to defend himself.
You hit Terence.
The helpless Terence fails to defend himself.
You hit Terence but do no damage.
The helpless Terence fails to defend himself.
You hit Terence but do no damage.
Terence is no longer paralysed.
Terence completely misses you.
You hit Terence but do no damage.
Terence hits you with a hand axe of freezing.
Terence freezes you.
* * * LOW HITPOINT WARNING * * *
Aim: Terence, wielding a hand axe of freezing and wearing a scale mail Terence suddenly stops moving!
Aim: Terence, wielding a hand axe of freezing and wearing a scale mail The puff of flame hits Terence.
Terence appears unharmed.
The helpless Terence fails to defend himself.
You hit Terence but do no damage.
The helpless Terence fails to defend himself.
You hit Terence but do no damage.
The helpless Terence fails to defend himself.
You hit Terence but do no damage.
The helpless Terence fails to defend himself.
You hit Terence.
The helpless Terence fails to defend himself.
You hit Terence.
The helpless Terence fails to defend himself.
You hit Terence but do no damage.
The helpless Terence fails to defend himself.
You hit Terence but do no damage.
The helpless Terence fails to defend himself.
You hit Terence.
The helpless Terence fails to defend himself.
You hit Terence.
The helpless Terence fails to defend himself.
You hit Terence but do no damage.
Terence is no longer paralysed.
Terence hits you with a hand axe of freezing!
* * * LOW HITPOINT WARNING * * *
Terence freezes you.
* * * LOW HITPOINT WARNING * * *
Aim: Terence, wielding a hand axe of freezing and wearing a scale mail (almost Terence resists with significant effort.
Terence hits you with a hand axe of freezing.
You die...

.. ...# #.# #...#
.... #.# #...#
...# #.# #...#
...##.#####...#
#.#.........?# #
#............# #
#...........#
#######........@@#
.................#
#######.......####
# ##...?.....# #
#..#.......#
####.##.......#
##...##.......#
#..####...#####
..## ..#.#


You could see Terence.

Vanquished Creatures
  2 adders (D:2)
  A worm (D:2)
  A leopard gecko (D:1)
  3 bats
  2 giant cockroaches
  4 hobgoblins
  3 kobolds
  3 frilled lizards (D:1)
  5 goblins
24 creatures vanquished.

Notes
Turn   | Place    | Note
-------+----------+-------------------------------------------
     0 | D:1      | MalarOregon the Hill Orc Fire Elementalist began the quest
                  | for the Orb.
     0 | D:1      | Reached XP level 1. HP: 14/14 MP: 3/3
   228 | D:1      | Reached XP level 2. HP: 22/22 MP: 2/4
   851 | D:2      | Learned a level 2 spell: Throw Flame
   863 | D:2      | Found a runed door.
   928 | D:2      | Reached skill level 1 in Fighting
   928 | D:2      | Reached XP level 3. HP: 10/28 MP: 0/5
  1247 | D:2      | Noticed Terence
  2257 | D:2      | HP: 1/28 [Terence/hand axe of freezing (4)]
  2265 | D:2      | Slain by Terence

Skill      XL: |  1  2  3 |
---------------+----------+-----
Fighting       | 1 |  1.3
Dodging        | 2 |  2.0
Stealth        | 2 |  2.0
Spellcasting   | |  1.9
Conjurations   | |  1.5
Fire Magic     | |  3.6

Action                   || total
-------------------------++-------
Melee: Unarmed           ||    49
       Short sword       ||    47
 Cast: Flame Tongue      ||    24
       Throw Flame       ||    23
Evoke: Wand              ||     7
  Use: Potion            ||     4
       Scroll            ||     2
 Stab: Sleeping          ||     2
       Paralysed         ||    28
  Eat: Chunk             ||     3
       Ration            ||     1
Armor: Robe              ||    15
Dodge: Dodged            ||    52
